 Seeded DCSS version 0.29-a0-338-g1ff7896281 (webtiles) character file.

Game seed: 8323935436952221711 (custom seed)

1252 zeratav the Insei (level 8, 0/52 (54) HPs)
             Began as an Octopode Transmuter on Apr 18, 2022.
             Slain by a necrophage (2 damage)
             ... on level 5 of the Dungeon.
             The game lasted 00:09:06 (5128 turns).

zeratav the Insei (Octopode Transmuter)             Turns: 5128, Time: 00:09:06

HP:   0/52 (54)     AC:  9    Str:  9    XL:     8   Next: 51%
MP:   9/11          EV: 15    Int: 16    God:
Gold: 424           SH:  0    Dex: 14    Spells: 7/11 levels left

rFire   . . .      SeeInvis .     - Unarmed
rCold   . . .      Faith    .   (no shield)
rNeg    . . .      Spirit   .   (helmet restricted)
rPois   .          Reflect  .   (no amulet)
rElec   .          Harm     .   c - +4 ring of protection
rCorr   .          Rampage  .   n - +4 ring of slaying
Will    .....                   r - +4 ring of protection
Stlth   ++++......              (no ring)
HPRegen 0.17/turn               (no ring)
MPRegen 0.12/turn               (no ring)
                                (no ring)
                                (no ring)

@: lightly drained
A: almost no armour, amphibious, 8 rings, camouflage 1, gelatinous body 1,
(nimble swimmer 1), tentacles
a: no special abilities


You were on level 5 of the Dungeon.
You visited 1 branch of the dungeon, and saw 5 of its levels.

You collected 424 gold pieces.


Innate Abilities, Weirdness & Mutations

You cannot wear most types of armour.
You are amphibious.
You can wear up to eight rings at the same time.
Your skin changes colour to match your surroundings (Stealth+).
Your rubbery body absorbs attacks. (AC +1, EV +1)
((You are camouflaged when in or above water. (Stealth+)))
You have tentacles for arms and can constrict up to eight enemies at once.


   Skills:
 + Level 4.4 Fighting
 + Level 4.7 Dodging
 - Level 5.0 Stealth
 * Level 7.0 Unarmed Combat
 - Level 2.0 Spellcasting
 + Level 2.6 Transmutations
 + Level 1.5 Ice Magic


You had 7 spell levels left.
You knew the following spells:

 Your Spells              Type           Power      Damage    Failure   Level
a - Beastly Appendage     Tmut           20%        N/A       7%          1
b - Spider Form           Tmut/Pois      5%         N/A       36%         3

Your spell library contained the following spells:

 Spells                   Type           Power      Damage    Failure   Level
 Wereblood                Tmut           10%        N/A       11%         2
 Passwall                 Tmut/Erth      4%         N/A       19%         2
 Apportation              Tloc           2%         N/A       21%         1
 Sandblast                Erth           2%         2d4       21%         1
 Shock                    Conj/Air       4%         1d3       21%         1
 Stone Arrow              Conj/Erth      2%         3d7       52%         3
 Swiftness                Air            1%         N/A       52%         3
 Ice Form                 Ice/Tmut       8%         N/A       65%         4
 Airstrike                Air            0%         N/A       90%         4
 Alistair's Intoxication  Tmut/Pois      3%         N/A       98%         5

Inventory:

Hand Weapons
 h - a +3 short sword {short}
   (You found it on level 1 of the Dungeon)
Armour
 p - a +0 tower shield
   (You found it on level 2 of the Dungeon)
 u - a +0 buckler
   (You found it on level 3 of the Dungeon)
Jewellery
 c - a +4 ring of protection (left tentacle)
   (You found it on level 1 of the Dungeon)
 n - a +4 ring of slaying (right tentacle)
   (You found it on level 2 of the Dungeon)
 r - a +4 ring of protection (on tentacle)
   (You found it on level 3 of the Dungeon)
 s - an amulet of faith {!P}
   (You found it on level 3 of the Dungeon)
 x - an amulet of magic regeneration {@e2}
   (You found it on level 5 of the Dungeon)
Scrolls
 b - a scroll of immolation {unknown}
 d - a scroll of amnesia {unknown}
 e - 2 scrolls of teleportation {unknown}
 k - 7 scrolls of identify {unknown}
 m - 2 scrolls of fog {unknown}
 o - 3 scrolls of enchant armour {unknown}
 q - 2 scrolls of fear {unknown}
 t - a scroll of holy word {unknown}
 w - a scroll of enchant weapon {unknown}
Potions
 a - 4 potions of lignification {!q}
 f - 2 potions of magic {unknown}
 g - 4 potions of degeneration {unknown}
 i - a potion of flight {unknown}
 j - 2 potions of heal wounds {unknown}
 l - 2 potions of curing {unknown}
 v - a potion of might
 z - a potion of attraction {unknown}

Dungeon Overview and Level Annotations

Branches:
Dungeon (5/15)
 Temple: D:4-7

Altars:

###### ..#.# #.
......### ..#.# #.
.......n######+##.#.#
##
........@............
..
.[....#.###.#####.#.#
## ##### #.#
#.#####.#.#
##.###.....#.#.#####
.....................
###.#####.###.#.#####
#.......# #.#...#
######### #.###.# #..
.#


You could see a necrophage.


Message History

HP[-6]
You take 6 damage, and now have 45/54 hp.
You tentacle-slap the phantom. Your squeeze misses the phantom.
The phantom barely misses you.
You bludgeon the phantom! The phantom misses you.
You closely miss the phantom. You squeeze the phantom. The phantom hits you.
The phantom blinks!
You blink.
You tentacle-slap the phantom.
Your tentacle-slap misses the phantom.
Your squeeze misses the phantom. The phantom closely misses you.
You tentacle-slap the phantom.
You destroy the phantom!
No target in view!
No target in view!
No target in view!
No target in view!
No target in view!
No target in view!
No target in view!
No target in view!
No target in view!
No target in view!
No target in view!
No target in view!
You hear a distant slurping noise.
You now have 399 gold pieces (gained 12).
z - a smoky sapphire potion HP[+9]
Your hp is fully restored (54).
You now have 414 gold pieces (gained 15).
You now have 424 gold pieces (gained 10).
A shadow comes into view.
Casting: Spider Form (dangerous; 36% risk of failure)
Confirm with . or Enter, or press ? or * to list all spells.
You turn into a venomous arachnid creature.
MP[-3]
You lost 3 mp, and now have 8/11 mp.
A shadow is nearby!
Unknown command.
A black bear comes into view.
A necrophage comes into view.
The shadow slips into darkness.
The shadow flickers and vanishes!
Deactivating autopickup; reactivate with Ctrl-A.
Your transformation is almost over.
The shadow strikes at you from the darkness!
Reactivating autopickup.
The black bear growls angrily.
HP[-22]
You take 22 damage, and now have 32/54 hp.
MASSIVE DAMAGE!! (PAUSE)
You hit the shadow.
The shadow slips into darkness.
The shadow flickers and vanishes!
Deactivating autopickup; reactivate with Ctrl-A.
You hit something.
The shadow strikes at you from the darkness!
* * * LOW HITPOINT WARNING * * *
Reactivating autopickup.
HP[-17] MP[+1]
You take 17 damage, and now have 15/54 hp.
MASSIVE DAMAGE!! (PAUSE)
You hit the shadow. The necrophage hits you.
* * * LOW HITPOINT WARNING * * *
The shadow completely misses you.
HP[-3]
You take 3 damage, and now have 12/54 hp.
You hit the shadow. The necrophage barely misses you.
You hit the shadow.
The shadow slips into darkness.
The shadow flickers and vanishes!
Deactivating autopickup; reactivate with Ctrl-A.
The necrophage misses you.
The shadow strikes at you from the darkness!
* * * LOW HITPOINT WARNING * * *
Reactivating autopickup.
HP[-2]
You take 2 damage, and now have 10/54 hp.
You bite the shadow!
You destroy the shadow!
The necrophage hits you but does no damage.
Your Ice Magic skill increases to level 1!
You bite the black bear!
The black bear is poisoned.
The black bear bites you but does no damage.
The black bear misses you. x2; The necrophage hits you.
* * * LOW HITPOINT WARNING * * *
HP[-4]
You take 4 damage, and now have 6/54 hp.
You hit the black bear.
The black bear looks as sick as possible!
You bite the black bear!
You kill the black bear!
The necrophage barely misses you.
Your Unarmed Combat skill increases to level 7!
You bite the necrophage!
Your transformation has ended.
The necrophage hits you.
* * * LOW HITPOINT WARNING * * *
You feel drained.
You die...

Skill      XL: |  1  2  3  4  5  6  7  8 |
---------------+-------------------------+-----
Stealth        | 1 2 3 4 5 |  5.0
Fighting       | 2 3 4 |  4.4
Unarmed Combat | 4 5 6 7 |  7.0
Dodging        | 3 4 |  4.7
Ice Magic      | 1 |  1.5
Spellcasting   | |  2.0
Transmutations | |  2.6

Action                   |  1- 3 |  4- 6 |  7- 9 || total
-------------------------+-------+-------+-------++-------
Melee: Unarmed           |    88 |   114 |   119 ||   321
       Tentacles         |    20 |    27 |    23 ||    70
       Constrict         |    24 |    33 |    27 ||    84
       Punch             |       |     3 |     3 ||     6
       Kick              |       |       |     8 ||     8
 Cast: Spider Form       |       |     1 |     1 ||     2
       Beastly Appendage |       |       |     3 ||     3
 Stab: Sleeping          |    12 |     4 |     4 ||    20
       Distracted        |       |       |     1 ||     1
Armor: Skin              |    12 |    26 |    17 ||    55
Dodge: Dodged            |    40 |    58 |    67 ||   165

Levels and vault maps discovered:
D:1:      dpeg_arrival_simpleton_b, layout_basic, kennysheep_decorative_pillar,
          minmay_unequal
D:2:      layout_basic, ebering_ecumenical_altar_abandoned,
          dreamdust_wishing_well, minmay_quadrilaterals
D:3:      lemuel_castle_with_subvaults [lemuel_castle_interior_carwin_3],
          layout_rooms, kennysheep_path_1
D:4:      kennysheep_spiral_hall, layout_basic, minmay_fractal_squares_5
D:5:      layout_basic

Notes
Turn   | Place    | Note
-------+----------+-------------------------------------------
     0 | D:1      | zeratav the Octopode Transmuter began the quest for the
                  | Orb.
     0 | D:1      | Reached XP level 1. HP: 13/13 MP: 3/3
     0 | D:1      | magus.rc [v1.9.6]
   189 | D:1      | Reached XP level 2. HP: 13/18 MP: 5/5
   367 | D:1      | Reached skill level 1 in Stealth
   864 | D:1      | Reached XP level 3. HP: 22/23 MP: 6/6
  1640 | D:2      | Found a faded altar of an unknown god.
  1642 | D:2      | You pick up a book of Air and begin reading...
  1642 | D:2      | You add the spells Shock, Swiftness and Airstrike to your
                  | library.
  1698 | D:2      | Reached XP level 4. HP: 29/29 MP: 7/7
  1866 | D:2      | Reached skill level 2 in Fighting
  1866 | D:2      | Reached skill level 2 in Stealth
  1866 | D:2      | Reached skill level 4 in Unarmed Combat
  2669 | D:3      | Learned a level 3 spell: Spider Form
  2696 | D:3      | Noticed an ogre
  2708 | D:3      | Killed an ogre
  2709 | D:3      | Reached skill level 3 in Dodging
  2709 | D:3      | Reached XP level 5. HP: 32/35 MP: 5/8
  2771 | D:3      | Reached skill level 3 in Stealth
  2932 | D:3      | You pick up a book of Party Tricks and begin reading...
  2932 | D:3      | You add the spells Apportation and Alistair's Intoxication
                  | to your library.
  3252 | D:3      | Reached XP level 6. HP: 41/41 MP: 9/9
  3314 | D:3      | Reached skill level 5 in Unarmed Combat
  3342 | D:3      | Reached skill level 3 in Fighting
  3358 | D:3      | Reached skill level 4 in Stealth
  3358 | D:3      | Reached XP level 7. HP: 23/46 MP: 10/10
  4106 | D:4      | Reached skill level 4 in Dodging
  4145 | D:4      | Reached skill level 6 in Unarmed Combat
  4332 | D:4      | Reached skill level 5 in Stealth
  4489 | D:4      | You pick up a book of Geomancy and begin reading...
  4489 | D:4      | You add the spells Sandblast, Passwall and Stone Arrow to
                  | your library.
  4639 | D:4      | Reached skill level 4 in Fighting
  4639 | D:4      | Reached XP level 8. HP: 29/54 MP: 1/11
  4901 | D:5      | Entered Level 5 of the Dungeon
  5111 | D:5      | Noticed a shadow
  5120 | D:5      | HP: 12/54 [necrophage (3)]
  5124 | D:5      | Killed a shadow
  5125 | D:5      | Reached skill level 1 in Ice Magic
  5125 | D:5      | HP: 6/54 [necrophage (4)]
  5128 | D:5      | Reached skill level 7 in Unarmed Combat
  5128 | D:5      | HP: 2/54 [necrophage (4)]
  5128 | D:5      | Slain by a necrophage

Vanquished Creatures
  A shadow (D:5)
  A black bear (D:5)
  3 ogres
  2 phantoms (D:5)
  A necrophage (D:4)
  3 howler monkeys
  An iguana (D:2)
  An orc wizard (D:4)
  21 gnolls
  3 adders
  3 dart slugs
  26 orcs
  9 ball pythons
  11 endoplasms
  5 giant cockroaches
  5 goblins
  10 hobgoblins
  12 jackals (D:3)
  5 quokkas
  3 bats
  6 frilled lizards
  10 kobolds
  4 rats
146 creatures vanquished.

Table legend:
 A = Non-vault XP
 B = Vault XP
 C = Vault XP percentage of total XP
 D = Non-vault monster count
 E = Vault monster count
 F = Vault count percentage of total count
                 A         B        C        D         E       F
            +---------+---------+-------+---------+---------+-------
      Total |     996 |     793 |  44.3 |      78 |      68 |  46.6
            +---------+---------+-------+---------+---------+-------
        D:1 |      44 |       4 |   8.3 |      22 |       3 |  12.0
        D:2 |      40 |      41 |  50.6 |      17 |       4 |  19.0
        D:3 |     148 |     545 |  78.6 |      17 |      50 |  74.6
        D:4 |     203 |     203 |  50.0 |      18 |      11 |  37.9
        D:5 |     561 |       0 |   0.0 |       4 |       0 |   0.0
            +---------+---------+-------+---------+---------+-------

Illustrated notes

Table legend:
 A = Kills in this place as a percentage of kills in entire the game.
 B = Kills by you in this place as a percentage of kills by you in the entire game.
 C = Kills by friends in this place as a percentage of kills by friends in the entire game.
 D = Other kills in this place as a percentage of other kills in the entire game.
 E = Experience gained in this place as a percentage of experience gained in the entire game.
 F = Experience gained in this place divided by the number of levels of this place that you have seen.
                   A       B       C       D       E      F
               +-------+-------+-------+-------+-------+----------------------
         Total | 100.0 | 100.0 |   N/A |   N/A | 100.0 | 357.8
       Dungeon | 100.0 | 100.0 |   N/A |   N/A | 100.0 | 357.8
               +-------+-------+-------+-------+-------+----------------------

Table legend: (Time is in decaauts)
 A = Elapsed time spent in this place.
 B = Non-inter-level travel time spent in this place.
 C = Inter-level travel time spent in this place.
 D = Time resting spent in this place.
 E = Time spent auto-exploring this place.
 F = Levels seen in this place.
 G = Mean time per level.
                   A        B        C        D        E       F      G
               +--------+--------+--------+--------+--------+-----+--------+
         Total |   5097 |   4948 |    149 |    640 |   3427 |   5 | 1019.4 |
       Dungeon |   5097 |   4948 |    149 |    640 |   3427 |   5 | 1019.4 |
               +--------+--------+--------+--------+--------+-----+--------+

Top non-repeatable levels by time:
     D:2: 1324 daAuts
     D:3: 1320 daAuts
     D:1: 1217 daAuts
     D:4: 1012 daAuts
     D:5: 223 daAuts
